 Dungeon Crawl Stone Soup version 0.18-a0-1121-gb454403 (webtiles) character file.

74 Geeful the Sneak (level 4, -3/27 HPs)
             Began as an Octopode Fire Elementalist on Jan 18, 2016.
             Killed from afar by an orc wizard (6 damage)
             ... with a magic dart
             ... on level 3 of the Dungeon.
             The game lasted 00:06:55 (2822 turns).

Geeful the Sneak (Octopode Fire Elementalist)       Turns: 2822, Time: 00:06:55

Health: -3/27      AC:  1    Str:  7    XL:     4   Next: 30%
Magic:  3/7        EV: 12    Int: 18    God:
Gold:   107        SH:  0    Dex: 12    Spells: 2 memorised, 2 levels left

rFire  . . .     SeeInvis .     p - +2 hand axe (chop)
rCold  . . .     Gourm    .     (no shield)
rNeg   . . .     Faith    .     (helmet restricted)
rPois  .         Spirit   .     (no amulet)
rElec  .         Dismiss  .     k - ring of flight
rCorr  .         Reflect  .     (no ring)
SustAt .         Harm     .     (no ring)
MR     .....                    (no ring)
Stlth  ++++......               (no ring)
                                (no ring)
                                (no ring)
                                (no ring)

@: not resistant to hostile enchantments, stealthy
A: almost no armour, amphibious, 8 rings, constrict 8, camouflage 1, gelatinous
body 1
a: Evoke Flight


You were on level 3 of the Dungeon.
You were not hungry.

You visited 1 branch of the dungeon, and saw 3 of its levels.

You collected 107 gold pieces.

Inventory:

Hand Weapons
 c - a +0 dagger
 p - a +2 hand axe of chopping (weapon)
Jewellery
 k - a ring of flight (left tentacle)
Wands
 d - a wand of teleportation (2/9)
Scrolls
 f - 2 scrolls of remove curse
 n - 3 scrolls of teleportation
Potions
 i - a potion of agility {unknown}
 j - 3 potions of lignification {unknown}
 l - a potion of invisibility {unknown}
 o - a potion of brilliance {unknown}
Books
 a - a book of Flames

   Spells                             Type                      Level
   a - Flame Tongue                   Conjuration/Fire             1
   b - Throw Flame                    Conjuration/Fire             2
   c - Conjure Flame                  Conjuration/Fire             3
   d - Inner Flame                    Hexes/Fire                   3
   e - Sticky Flame                   Conjuration/Fire             4
   f - Fireball                       Conjuration/Fire             5
Comestibles
 b - 5 bread rations
 g - 4 chunks of flesh
 h - a beef jerky


   Skills:
 - Level 2.5 Dodging
 - Level 3.7 Stealth
 + Level 2.4 Spellcasting
 + Level 1.9 Conjurations
 + Level 3.5 Fire Magic


You had 2 spell levels left.
You knew the following spells:

 Your Spells              Type           Power        Failure   Level  Hunger
a - Flame Tongue          Conj/Fire      ##...        8%          1    #......
b - Sticky Flame          Conj/Fire      ##......     67%         4    #####..


Dungeon Overview and Level Annotations

Branches:
Dungeon (3/15)

Altars:


Innate Abilities, Weirdness & Mutations

You cannot wear most types of armour.
You are amphibious.
You can wear up to eight rings at the same time.
You can use your tentacles to constrict eight enemies at once.
Your skin changes colour to match your surroundings (Stealth).
Your rubbery body absorbs attacks (AC +1).


Message History

Press: ? - help, Shift-Dir - straight line, f/p - adder
Aim: an adder (severely wounded)
The flame tongue misses the adder.
The flame tongue hits the orc wizard.
The orc wizard is lightly wounded.
The adder barely misses you.
The orc wizard gestures wildly while chanting.
The orc wizard blinks!
The adder bites you but does no damage.
Casting: Flame Tongue
Confirm with . or Enter, or press ? or * to list all spells.
Aiming: Flame Tongue
Press: ? - help, Shift-Dir - straight line, f/p - adder
Aim: an adder (severely wounded)
The flame tongue hits the adder.
You kill the adder!
The orc wizard casts a spell at you. The magic dart hits you!
* * * LOW HITPOINT WARNING * * *
The orc wizard gestures at you while chanting.
The magic dart hits you!
You die...

#### ## ..# # ##.# #.#
.##
###...##.########...###
........@.....)o......
#....#.#######)......
##)>....# .#.###.
#.......# .# #
#...>..## #. #+#
#......# . #.# ##.....#
.. #.###### ##...## ..
#.##...## ##.##


You could see an orc wizard.

Vanquished Creatures
  2 adders
  2 worms (D:2)
  4 giant geckos
  6 orcs (D:3)
  2 bats (D:1)
  A giant cockroach (D:1)
  6 hobgoblins
  2 jackals (D:1)
  3 kobolds
  A ball python (D:1)
  2 giant newts (D:2)
  5 goblins
  4 rats (D:2)
40 creatures vanquished.

Notes
Turn   | Place    | Note
--------------------------------------------------------------
     0 | D:1      | Geeful the Octopode Fire Elementalist began the quest for the Orb.
     0 | D:1      | Reached XP level 1. HP: 11/11 MP: 3/3
   123 | D:1      | Reached XP level 2. HP: 17/17 MP: 5/5
  1075 | D:2      | Reached XP level 3. HP: 21/21 MP: 6/6
  2241 | D:2      | HP: 1/21 [worm (11)]
  2697 | D:3      | Reached XP level 4. HP: 24/27 MP: 7/7
  2791 | D:3      | Learned a level 4 spell: Sticky Flame
  2822 | D:3      | Killed from afar by an orc wizard

Vault maps used:
D:1:      lightli_arrival_chessboard
D:2:      minmay_statues_item, kennysheep_generic_room_16
D:3:      lemuel_round_altar, first_bread, uniq_grinder, uniq_terence

Action                   |  1- 3 |  4- 6 || total
-------------------------+-------+-------++-------
Melee: Dagger            |    37 |       ||    37
       Hand axe          |    13 |     9 ||    22
 Cast: Flame Tongue      |    25 |     4 ||    29
Evoke: Wand              |     1 |       ||     1
  Use: Scroll            |     6 |       ||     6
 Stab: Sleeping          |     9 |       ||     9
       Distracted        |     1 |       ||     1
  Eat: Chunk             |     6 |       ||     6
